 Dungeon Crawl Stone Soup version 0.30-a0-359-gd0147acb1a (webtiles) character file.

Game seed: 11737628463450273512

17 sleeves the Slasher (level 2, 24/24 HPs)
             Began as a Demonspawn Monk on Nov 12, 2022.
             Was a Believer of Jiyva.
             Quit the game on level 2 of the Dungeon.
             The game lasted 00:01:05 (1283 turns).

sleeves the Slasher (Demonspawn Monk)               Turns: 1283, Time: 00:01:05

Health: 24/24      AC:  6    Str: 11    XL:     2   Next: 44%
Magic:  2/2        EV:  9    Int: 11    God:    Jiyva [**....]
Gold:   139        SH:  7    Dex: 17    Spells: 1/1 levels left

rFire   . . .      SeeInvis .    a - +0 falchion
rCold   . . .      Faith    .    m - +0 kite shield
rNeg    . . .      Spirit   .    e - +0 ring mail
rPois   .          Reflect  .    h - +0 helmet
rElec   .          Harm     .    (no cloak)
rCorr   +          Rampage  .    (no gloves)
Will    .....                    (no boots)
Stlth   ++........               (no amulet)
HPRegen 1.20/turn                (no ring)
MPRegen 0.38/turn                (no ring)

@: no status effects
A: thin skeletal structure 1
a: Renounce Religion


You were on level 2 of the Dungeon.
You worshipped Jiyva.
Jiyva was pleased with you.
You visited 1 branch of the dungeon, and saw 2 of its levels.

You collected 139 gold pieces.

Inventory:

Hand Weapons
 a - a +0 falchion (weapon)
Missiles
 f - 2 poisoned darts (quivered)
Armour
 e - a +0 ring mail (worn)
   (You found it on level 1 of the Dungeon)
 h - a +0 helmet (worn)
   (You found it on level 1 of the Dungeon)
 m - a +0 kite shield (worn)
   (You found it on level 1 of the Dungeon)
 q - a +0 pair of gloves
   (You found it on level 2 of the Dungeon)
Jewellery
 d - a ring of ice
   (You found it on level 1 of the Dungeon)
Scrolls
 b - a scroll of enchant weapon {unknown}
 g - a scroll of enchant armour {unknown}
 i - 4 scrolls of magic mapping {unknown}
 k - 2 scrolls of identify {unknown}
 o - 2 scrolls of poison {unknown}
 p - a scroll of fog {unknown}
 s - a scroll of amnesia {unknown}
Potions
 c - a potion of ambrosia
 j - a potion of brilliance {unknown}
 l - a potion of might {unknown}
 n - 2 potions of curing {unknown}
 r - a potion of heal wounds {unknown}


   Skills:
 - Level 3.0 Fighting
 + Level 3.5 Long Blades
 - Level 2.6 Dodging
 - Level 1.7 Stealth


You had one spell level left.
You didn't know any spells.
Your spell library contained the following spells:

 Spells                   Type           Power      Damage    Failure   Level
 Magic Dart               Conj           0%         1d3       97%         1
 Searing Ray              Conj           0%         2d4       99%         2
 Fulminant Prism          Conj/Hex       0%         3d5       100%        4


Dungeon Overview and Level Annotations

Branches:
Dungeon (2/15)

Altars:
Makhleb
Jiyva


Innate Abilities, Weirdness & Mutations

You have a somewhat thin skeletal structure. (Dex +2, Stealth+)


Message History

Welcome, sleeves the Demonspawn Monk.
Will you prevail where others failed? Will you find the Orb of Zot?
Press ? for a list of commands and other information.
Found 12 gold pieces and 4 stones.
Found a staircase leading out of the dungeon.
Unknown command.
Unknown command.
Unknown command.
Unknown command.
You now have 3 gold pieces.
You enter the shallow water.
Moving in this stuff is going to be slow.
Found a ring mail.
You now have 12 gold pieces (gained 9).
Found 2 poisoned darts.
A ball python comes into view.
The ball python bites you but does no damage.
The ball python barely misses you.
You barely miss the ball python. The ball python bites you.
The ball python barely misses you.
You barely miss the ball python.
The ball python bites you but does no damage.
The ball python closely misses you. The ball python bites you.
The ball python closely misses you.
You barely miss the ball python. The ball python barely misses you.
The ball python grabs you. The ball python constricts you.
You slash the ball python!
You kill the ball python!
d - a ring of ice You see here a +0 ring mail.
e - a +0 ring mail HP restored.
You start removing your armour.
You continue taking off your +0 robe. x4
You finish taking off your +0 robe.
You start putting on your armour.
You continue putting on your +0 ring mail. x5
You finish putting on your +0 ring mail.
You see here 2 poisoned darts.
f - 2 poisoned darts
g - a scroll labelled HAMPIO PUTZE You open the door.
Found a robe.
There is an open door here.
Found 5 stones.
No target in view!
No target in view!
No target in view!
No target in view!
No target in view!
No target in view!
No target in view!
No target in view!
No target in view!
Found 6 stones.
You now have 17 gold pieces (gained 5).
A ball python comes into view.
A ball python is nearby!
The ball python hisses angrily.
You closely miss the ball python. The ball python barely misses you.
The ball python grabs you. The ball python constricts you.
You closely miss the ball python. The ball python bites you.
The ball python constricts you. The ball python bites you.
The ball python constricts you.
You hit the ball python but do no damage.
The ball python bites you. The ball python constricts you.
You closely miss the ball python. The ball python closely misses you.
The ball python constricts you.
You closely miss the ball python. The ball python barely misses you.
The ball python constricts you. The ball python bites you.
The ball python constricts you.
You are too injured to fight recklessly!
You are too injured to fight recklessly!
You are too injured to fight recklessly!
You are too injured to fight recklessly!
You are too injured to fight recklessly!
You are too injured to fight recklessly!
You are too injured to fight recklessly!
You are too injured to fight recklessly!
A ball python is nearby!
You hit the ball python.
The ball python is severely wounded.
The ball python bites you but does no damage.
The ball python constricts you.
You closely miss the ball python.
The ball python is severely wounded.
The ball python bites you. The ball python constricts you.
You closely miss the ball python.
The ball python is severely wounded.
The ball python barely misses you. The ball python constricts you.
* * * LOW HITPOINT WARNING * * *
The ball python bites you.
* * * LOW HITPOINT WARNING * * *
The ball python constricts you.
You slash the ball python!
You kill the ball python!
h - a +0 helmet You start putting on your armour.
You continue putting on your +0 helmet. x4
You finish putting on your +0 helmet.
You drop a +0 robe.
b - a scroll labelled GAETEA DEAZAA A hobgoblin comes into view.
A hobgoblin is nearby!
A dart slug comes into view.
Found a scroll labelled KODWIE XIXOZIRALI.
Found a fizzy clear potion.
The hobgoblin shouts!
You closely miss the hobgoblin. The hobgoblin closely misses you.
The dart slug launches a dart at you. The slug dart hits you.
You barely miss the hobgoblin.
The hobgoblin hits you but does no damage. x2
You hit the hobgoblin.
You kill the hobgoblin!
You hit the dart slug.
The dart slug is lightly wounded.
The dart slug launches a dart at you.
The slug dart hits you but does no damage.
You slash the dart slug!
The dart slug is almost dead.
You slash the dart slug!
You kill the dart slug!
Your Long Blades skill increases to level 3!
No target in view!
i - 2 scrolls labelled CEVIRUMESO
j - a fizzy clear potion No target in view!
No target in view!
No target in view!
No target in view!
k - a scroll labelled KODWIE XIXOZIRALI You now have 27 gold pieces (gained 10).
Found a kite shield.
Found a stone staircase leading down.
You open the door.
There is an open door here.
l - a lumpy cyan potion You now have 41 gold pieces (gained 14).
No target in view!
No target in view!
No target in view!
No target in view!
No target in view!
No target in view!
No target in view!
You open the door.
A goblin comes into view. It is wielding a +0 club.
The goblin shouts!
A quokka comes into view.
The goblin moves out of view.
Found a scroll labelled KODWIE XIXOZIRALI.
There is an open door here.
Found a robe.
The goblin hits you but does no damage.
A giant cockroach comes into view.
You barely miss the goblin. The goblin hits you but does no damage.
You hit the goblin but do no damage. The quokka bites you.
The goblin misses you. The quokka closely misses you.
The goblin closely misses you.
You hit the goblin.
You kill the goblin!
The quokka closely misses you.
You closely miss the quokka. The quokka misses you.
The quokka bites you but does no damage.
You slash the quokka!
You kill the quokka!
The giant cockroach barely misses you.
You have reached level 2!
Your demonic ancestry asserts itself...
Your bones become slightly less dense.
You closely miss the giant cockroach. The giant cockroach barely misses you.
You closely miss the giant cockroach.
The giant cockroach bites you but does no damage.
You barely miss the giant cockroach. The giant cockroach misses you.
The giant cockroach bites you but does no damage.
You barely miss the giant cockroach. The giant cockroach closely misses you.
You slash the giant cockroach!
You kill the giant cockroach!
No target in view!
No target in view!
No target in view!
No target in view!
No target in view!
No target in view!
No target in view!
Search for what [? for help]? shie
There is an open door here.
There is an open door here.
You see here a +0 kite shield.
m - a +0 kite shield You start putting on your armour.
You continue putting on your +0 kite shield. x4
You finish putting on your +0 kite shield.
There is a stone staircase leading down here.
There is an open door here.
There is an open door here.
You see here a quokka corpse.
k - 2 scrolls labelled KODWIE XIXOZIRALI (gained 1)
You open the door.
There is an open door here.
You now have 54 gold pieces (gained 13).
You open the door.
There is an open door here.
There is an open door here.
n - a golden potion
Found a stone staircase leading down.
There is a stone staircase leading down here.
You open the door. You open the door.
There is an open door here.
Found a stone staircase leading down.
You now have 65 gold pieces (gained 11).
Done exploring.
Done exploring.
Done exploring.
Done exploring.
(D) Dungeon
Where to? (Enter - D:1 @ (x,y), ? - help)
There is a stone staircase leading down here.
You climb downwards.
Found a scroll labelled ODISIBLAMI.
There is a stone staircase leading up here.
o - a scroll labelled ODISIBLAMI No target in view!
No target in view!
No target in view!
No target in view!
No target in view!
No target in view!
No target in view!
No target in view!
No target in view!
No target in view!
No target in view!
Found a stone staircase leading down.
A kobold comes into view. It is wielding a +0 short sword.
A kobold is nearby!
You catch the helpless kobold completely off-guard!
You hit the kobold.
You kill the kobold!
No target in view!
No target in view!
No target in view!
No target in view!
No target in view!
No target in view!
No target in view!
No target in view!
No target in view!
No target in view!
No target in view!
No target in view!
p - a scroll labelled WIYRIAVEMYMM
Found a mace.
You now have 72 gold pieces (gained 7).
You open the door.
There is an open door here.
You open the door.
There is an open door here.
You open the door.
There is an open door here.
You now have 79 gold pieces (gained 7).
There is an open door here.
Found a trident.
There is an open door here.
Found 4 curare-tipped darts.
No target in view!
No target in view!
No target in view!
No target in view!
No target in view!
No target in view!
No target in view!
No target in view!
No target in view!
No target in view!
No target in view!
You see here a +0 trident.
A goblin comes into view. It is wielding a +0 dagger.
The goblin shouts!
A goblin is nearby!
A goblin is nearby!
Found a scroll labelled CEVIRUMESO.
A goblin comes into view. It is wielding a +0 dagger.
The goblin hits you but does no damage.
You closely miss the goblin. You block the goblin's attack.
You barely miss the goblin.
The goblin hits you but does no damage. x2
You hit the goblin.
You kill the goblin!
You block the goblin's attack.
You hit the goblin.
The goblin is severely wounded.
The goblin closely misses you.
You hit the goblin but do no damage.
The goblin is severely wounded.
The goblin hits you with a +0 dagger. x2
You closely miss the goblin.
The goblin is severely wounded.
The goblin hits you but does no damage.
You closely miss the goblin.
The goblin is severely wounded.
You block the goblin's attack.
You hit the goblin.
You kill the goblin!
A goblin comes into view. It is wielding a +0 club.
The goblin shouts!
The goblin barely misses you.
You hit the goblin.
You kill the goblin!
No target in view!
No target in view!
No target in view!
No target in view!
HP restored.
Found a stone staircase leading down.
Things that are here:
a +0 dagger; a goblin corpse You now have 89 gold pieces (gained 10).
You see here a +0 dagger.
n - 2 golden potions (gained 1)
Things that are here:
a +0 dagger; a goblin corpse
i - 3 scrolls labelled CEVIRUMESO (gained 1)
q - a +0 pair of gloves No target in view!
No target in view!
No target in view!
No target in view!
No target in view!
No target in view!
No target in view!
A rat comes into view.
A rat is nearby!
A rat is nearby!
A rat is nearby!
Found 14 gold pieces.
You block the rat's attack.
You barely miss the rat. The rat bites you.
You closely miss the rat.
The rat bites you but does no damage. x2
You closely miss the rat. You block the rat's attack.
You hit the rat.
The rat is severely wounded.
You block the rat's attack.
You hit the rat.
You kill the rat!
No target in view!
No target in view!
No target in view!
No target in view!
An endoplasm comes into view.
An endoplasm is nearby!
An endoplasm is nearby!
The endoplasm quivers.
You see here a scroll labelled ODISIBLAMI.
The endoplasm hits you but does no damage.
You hit the endoplasm but do no damage. The endoplasm hits you.
You hit the endoplasm but do no damage.
The endoplasm hits you but does no damage.
You hit the endoplasm.
The endoplasm is moderately wounded.
You block the endoplasm's attack. The endoplasm freezes you.
You are frozen.
You hit the endoplasm.
The endoplasm is almost dead.
You block the endoplasm's attack.
You hit the endoplasm.
You kill the endoplasm!
No target in view!
No target in view!
No target in view!
No target in view!
No target in view!
No target in view!
o - 2 scrolls labelled ODISIBLAMI (gained 1)
You now have 103 gold pieces (gained 14).
You open the door.
There is an open door here.
Found a spear and a leather armour.
Found a stone staircase leading down.
There is a stone staircase leading down here.
You see here a +0 leather armour.
You open the door.
A kobold comes into view. It is wielding a +0 short sword.
Found 18 gold pieces.
A kobold is nearby!
Found 11 gold pieces.
The kobold shouts!
The kobold throws a stone.
The stone misses you.
There is an open door here.
You block the kobold's attack.
You hit the kobold.
You kill the kobold!
No target in view!
No target in view!
No target in view!
No target in view!
No target in view!
No target in view!
No target in view!
No target in view!
No target in view!
You now have 121 gold pieces (gained 18).
You now have 132 gold pieces (gained 11).
r - a grey potion
There is an open door here.
There is an open door here.
Found a leather armour.
You pick up a book of Conjurations and begin reading...
You add the spells Magic Dart, Searing Ray and Fulminant Prism to your library.
You open the door.
There is an open door here.
There is a stone staircase leading down here.
Found a stone staircase leading up.
No target in view!
No target in view!
No target in view!
No target in view!
i - 4 scrolls labelled CEVIRUMESO (gained 1)
Found a burning altar of Makhleb.
You now have 139 gold pieces (gained 7).
Found 2 stones.
You see here 2 stones.
Found a stone staircase leading up.
s - a scroll labelled VAGO DA XISK No target in view!
No target in view!
No target in view!
There is an open door here.
There is an open door here.
There is a stone staircase leading up here.
There is a stone staircase leading up here.
Found a faded altar of an unknown god.
Found a robe.
Done exploring.
Done exploring.
No target in view!
You enter the shallow water.
Moving in this stuff is going to be slow.
There is a faded altar of an unknown god here.
This altar belongs to (a) Uskayaw, (b) Hepliaklqana or (c) Jiyva, but you can't tell which.
Press the corresponding letter to learn more about a god, or press enter to convert or escape to cancel.
Jiyva accepts your prayer! Jiyva welcomes you!
Jiyva begins accelerating your health and magic regeneration.
Jiyva is now protecting you from corrosive effects.
Are you sure you want to abandon this character and quit the game? (Confirm with "yes".)

.##...................#......#
.##...................#......#
............##........#......#
.....#......####......#......#
.....##.##.###P##............##
.....##..####..P#.............#
........P.P#P...##.....#...##.#
...)....#.##.P~.♣#.........##.#
...)....#.#..~~.@#####....###.#
........#P.#.~P[♣#..##....###.#
..)(....##P#P...##..##.....##.#
###.......###..P#..........##.#
...........###P##..........##.#
...##........###....^.........###
..>##..................#...#.....
...####.##....#....###...###.####
...# #.##....#....###.......# #


There were no monsters in sight!

Vanquished Creatures
  A dart slug (D:1)
  An endoplasm (D:2)
  A giant cockroach (D:1)
  4 goblins
  A hobgoblin (D:1)
  A quokka (D:1)
  2 ball pythons (D:1)
  2 kobolds (D:2)
  A rat (D:2)
14 creatures vanquished.

Notes
Turn   | Place    | Note
-------+----------+-------------------------------------------
     0 | D:1      | sleeves the Demonspawn Monk began the quest for the Orb.
     0 | D:1      | Reached XP level 1. HP: 18/18 MP: 1/1
   125 | D:1      | HP: 9/18 [constriction (1)]
   215 | D:1      | Reached skill level 3 in Long Blades
   272 | D:1      | Gained mutation: You have a somewhat thin skeletal
                  | structure. (Dex +2, Stealth+) [demonic ancestry]
   272 | D:1      | Reached XP level 2. HP: 23/24 MP: 2/2
  1161 | D:2      | Found a burning altar of Makhleb.
  1275 | D:2      | Found a faded altar of an unknown god.
  1282 | D:2      | Prayed at the altar of an unknown god.
  1282 | D:2      | Became a worshipper of Jiyva Jaohoar the Shapeless
  1282 | D:2      | Reached * piety under Jiyva
  1282 | D:2      | Reached ** piety under Jiyva
  1283 | D:2      | Quit the game

Illustrated notes

Levels and vault maps discovered:
D:1:      eino_arrival_water_star, layout_basic, chequers_serial_rivers_room_a
D:2:      layout_basic, dreamdust_ecumenical_altar_hidden_monk_grotto,
          basic_altar

Skill      XL: |  1 |
---------------+----+-----
Long Blades    | 3 |  3.5
Fighting       | |  3.0
Dodging        | |  2.6
Stealth        | |  1.7

Action                   || total
-------------------------++-------
Melee: Falchion          ||    50
 Stab: Distracted        ||     1
Armor: Ring mail         ||    17
       Robe              ||     2
Dodge: Dodged            ||    22
Block: Kite shield       ||     9

Table legend: (Time is in decaauts)
 A = Elapsed time spent in this place.
 B = Non-inter-level travel time spent in this place.
 C = Inter-level travel time spent in this place.
 D = Time resting spent in this place.
 E = Time spent auto-exploring this place.
 F = Levels seen in this place.
 G = Mean time per level.
                   A        B        C        D        E       F      G
               +--------+--------+--------+--------+--------+-----+--------+
         Total |   1295 |   1269 |     26 |      0 |   1087 |   2 |  647.5 |
       Dungeon |   1295 |   1269 |     26 |      0 |   1087 |   2 |  647.5 |
               +--------+--------+--------+--------+--------+-----+--------+

Top non-repeatable levels by time:
     D:1: 662 daAuts
     D:2: 633 daAuts
